Map: Tokamak LE

Players

Sobu - Winner!

  • Race: Terran Terran
  • League: Master
  • Spawn Location: 1:00

ManlyManMeat

  • Race: Zerg Zerg
  • League: Master
  • Spawn Location: 7:00

VOD

Have the link to the VOD?

Description

Time

  • Played on: June 15, 2025, 3:37 p.m.
  • Length: 13:18
Show
View Real Time Build Order
Export as new Build Order

Sobu Terran - Winner!

Build Orders: Reaper Expand, Hellion Banshee 

Get SALT Encoding   

  12  0:00  SCV  
  13  0:12  SCV  
  14  0:17  Supply Depot  
  14  0:25  SCV  
  15  0:39  SCV  
  15  0:41  Barracks  
  16  0:45  Refinery  
  16  0:51  SCV  
  17  1:03  SCV  
  18  1:15  SCV  
  19  1:29  Orbital Command  
  19  1:30  Reaper  
  20  1:40  Command Center  
  20  1:54  Supply Depot  
  20  1:55  SCV  
  21  2:02  Marine  
  22  2:13  SCV  
  23  2:17  Factory  
  23  2:22  Refinery  
  23  2:23  Barracks Reactor  
  23  2:26  SCV  
  24  2:38  SCV  
  25  2:50  SCV  
  26  2:54  Orbital Command  
  26  3:02  SCV  
  26  3:07  Starport  
  26  3:08  Barracks Tech Lab  
  26  3:13  Hellion x2  
  26  3:14  SCV  
  31  3:23  SCV  
  31  3:35  Hellion x2  
  31  3:37  SCV  
  36  3:43  Orbital Command  
  36  3:44  Supply Depot  
  35  3:56  Hellion x2  
  39  4:08  SCV  
  40  4:10  Cloaking Field, Banshee  
  40  4:11  Barracks Tech Lab  
  43  4:17  Hellion  
  43  4:18  Hellion, SCV  
  43  4:20  SCV  
  49  4:30  SCV  
  50  4:33  SCV  
  51  4:40  Supply Depot  
  51  4:42  SCV  
  52  4:52  Factory Reactor  
  52  5:02  Banshee  
  52  5:04  Supply Depot  
  55  5:08  Marine  
  55  5:09  Stimpack  
  55  5:11  SCV x2  
  58  5:15  Command Center  
  58  5:16  Supply Depot  
  58  5:23  SCV x2  
  58  5:26  Barracks  
  58  5:28  Barracks  
  60  5:29  Supply Depot  
  60  5:38  Marine  
  60  5:42  SCV x2  
  63  5:51  Supply Depot  
  63  5:56  Supply Depot  
  63  5:58  SCV x2  
  65  6:10  SCV x2  
  67  6:19  Marine x2  
  67  6:20  Marauder  
  67  6:22  SCV x2  
  67  6:23  Marine x2  
  75  6:27  Starport Reactor  
  75  6:31  Refinery x2  
  75  6:51  SCV x2  
  75  6:53  Marine  
  75  6:54  Marauder, Marine x3  
  81  6:55  Siege Tank  
  81  6:56  Combat Shield  
  86  7:03  SCV  
  86  7:04  SCV  
  86  7:05  Engineering Bay  
  86  7:06  Engineering Bay  
  86  7:08  Supply Depot  
  88  7:12  Barracks  
  88  7:13  Barracks  
  88  7:15  Orbital Command, SCV  
  88  7:16  SCV  
  90  7:24  Marauder, Marine x3  
  90  7:27  Siege Tank  
  90  7:28  SCV x2  
  100  7:40  SCV x2  
  100  7:41  SCV  
  103  7:46  Marine  
  103  7:47  Marauder, Marine x3  
  103  7:50  Terran Infantry Weapons Level 1  
  103  7:51  Terran Infantry Armor Level 1  
  109  7:52  SCV x2  
  109  7:53  SCV  
  112  8:04  SCV x2  
  111  8:14  Marauder  
  111  8:15  Marine, Barracks Reactor x2  
  111  8:16  Marine x3, Siege Tank  
  120  8:22  Factory  
  120  8:23  Supply Depot  
  120  8:24  Supply Depot  
  120  8:25  SCV x3, Armory  
  123  8:28  Refinery  
  123  8:30  Refinery  
  123  8:37  SCV x2  
  125  8:42  Supply Depot  
  125  8:44  Supply Depot, SCV  
  125  8:45  Supply Depot  
  125  8:48  Command Center  
  126  8:49  SCV x2  
  126  8:50  Marauder, Siege Tank  
  126  8:52  Marine  
  126  8:53  Marine x7  
  141  9:04  SCV, Medivac x2  
  146  9:10  Marine x2  
  146  9:12  Factory Tech Lab  
  146  9:15  Terran Vehicle Weapons Level 1  
  146  9:16  Supply Depot  
  146  9:17  Supply Depot, SCV  
  148  9:18  SCV x2  
  151  9:29  SCV  
  151  9:30  SCV x2  
  153  9:43  Marauder, Marine x2  
  153  9:44  Marine x5  
  153  9:45  Siege Tank  
  165  9:56  Marine  
  165  9:57  Siege Tank  
  169  10:01  Marine x3  
  169  10:02  Marine x3  
  169  10:05  Marauder  
  134  10:26  Marauder  
  136  10:28  Marine  
  136  10:29  Marine x6  
  136  10:30  Marine, Siege Tank  
  136  10:31  Siege Tank  
  150  10:38  Medivac x2  
  150  10:39  Terran Infantry Armor Level 2, Terran Infantry Weapons Level 2  
  150  10:40  Supply Depot  
  150  10:42  SCV x3  
  157  10:45  Supply Depot  
  157  10:46  Marine  
  157  10:47  Marauder  
  160  10:54  Command Center, SCV  
  160  10:55  Command Center  
  161  10:58  Missile Turret  
  161  10:59  Missile Turret  
  161  11:02  Sensor Tower  
  161  11:09  Marauder  
  163  11:29  Marine  
  163  11:30  Marauder, Marine x7  
  163  11:31  Siege Tank x2  
  172  11:47  Marine x2  
  172  11:52  Marauder  
  175  12:01  Barracks x2  
  174  12:02  Barracks  
  171  12:11  Marine, Siege Tank  
  171  12:12  Siege Tank  
  171  12:13  Marauder  
  171  12:43  Marauder, Marine x2, Siege Tank  
  171  12:44  Marine x6, Siege Tank  
Show
View Real Time Build Order
Export as new Build Order

ManlyManMeat Zerg 

Build Orders: Hatch First 

Get SALT Encoding   

  12  0:07  Overlord  
  12  0:13  Drone  
  13  0:16  Drone  
  14  0:29  Drone  
  14  0:31  Drone  
  16  0:40  Drone  
  17  0:53  Drone, Hatchery  
  17  1:02  Drone  
  18  1:12  Spawning Pool  
  18  1:14  Drone  
  18  1:21  Extractor  
  18  1:23  Drone  
  18  1:34  Drone  
  19  1:46  Drone  
  20  1:55  Drone  
  21  2:04  Queen  
  21  2:05  Queen  
  21  2:06  Overlord  
  21  2:07  Drone  
  26  2:16  Zergling x2  
  27  2:28  Zergling x4  
  27  2:29  Drone  
  30  2:38  Zergling x2  
  31  2:55  Drone x2  
  31  2:56  Drone  
  34  3:02  Metabolic Boost  
  34  3:08  Extractor  
  34  3:09  Drone, Roach Warren  
  34  3:10  Drone x2  
  34  3:12  Evolution Chamber  
  34  3:15  Queen  
  34  3:18  Lair  
  36  3:46  Hatchery  
  36  3:47  Overlord x2  
  35  3:52  Zerg Missile Weapons Level 1  
  35  4:01  Roach  
  35  4:06  Extractor  
  35  4:09  Roach  
  36  4:10  Roach  
  36  4:19  Zergling x12  
  42  4:26  Roach x3  
  48  4:32  Drone  
  49  4:39  Overseer  
  49  4:55  Drone  
  49  4:56  Drone  
  49  5:03  Roach  
  49  5:04  Roach x3  
  55  5:49  Overlord x2  
  53  6:04  Drone x4  
  53  6:05  Drone, Overlord x2  
  53  6:08  Spore Crawler  
  53  6:11  Drone x2, Spore Crawler  
  58  6:20  Spawning Pool  
  57  6:25  Spore Crawler  
  57  6:28  Drone x3  
  57  6:29  Drone x3  
  62  6:41  Queen  
  64  6:56  Queen x2  
  64  6:58  Drone  
  64  6:59  Drone x4  
  73  7:02  Extractor x2  
  73  7:03  Drone  
  72  7:15  Overlord  
  72  7:32  Zergling x2  
  72  7:33  Zerg Missile Weapons Level 2  
  72  7:34  Glial Reconstitution, Hydralisk Den  
  72  7:52  Overseer  
  72  7:59  Drone x2  
  72  8:00  Drone x3  
  72  8:01  Evolution Chamber  
  76  8:20  Drone x4  
  76  8:21  Drone x6  
  76  8:26  Roach  
  98  8:27  Roach x5  
  98  8:28  Overlord x4  
  98  8:38  Lair  
  98  8:40  Overseer  
  98  8:44  Zerg Ground Armor Level 1  
  98  8:46  Hydralisk, Grooved Spines  
  98  8:47  Infestation Pit  
  99  9:11  Hydralisk x3  
  99  9:12  Hydralisk x6  
  117  9:28  Zergling x2  
  117  9:29  Zergling x14  
  124  9:40  Infestor x2  
  87  10:14  Zergling x4  
  87  10:15  Zergling x14  
  87  10:16  Zergling x2  
  87  10:21  Roach x5  
  94  10:22  Roach  
  100  10:29  Zergling x12  
  106  10:39  Zerg Ground Armor Level 2  
  106  10:40  Baneling Nest, Hive  
  105  10:43  Infestor x2  
  109  11:02  Roach x3  
  109  11:03  Roach x5  
  125  11:04  Ravager x3  
  125  11:05  Ravager x2  
  130  11:17  Zergling x2  
  130  11:18  Zergling x14  
  119  11:36  Neural Parasite  
  117  11:42  Overseer x2  
  115  11:59  Roach  
  115  12:00  Roach x6  
  123  12:17  Viper x2  
  123  12:19  Overlord x2  
  124  12:32  Roach x4  
  128  12:39  Ravager  
  128  12:40  Ravager x9  
  128  12:41  Roach x4  
  146  12:47  Overlord x2  
Tags
 
Add a new tag
Caveats
  • Supply blocks, unpowered buildings, or Contaminate may cause inaccurate times.
  • Supply counts are checked every 10 seconds.